 Dungeon Crawl Stone Soup version 0.29-a0-283-ga02f740833 (webtiles) character file.

Game seed: 13013328273585352486

35 Armakuni the Skirmisher (level 3, 0/29 HPs)
             Began as a Human Wanderer on Mar 13, 2022.
             Killed from afar by a white imp (2 damage)
             ... with a puff of frost
             ... summoned by Natasha
             ... on level 2 of the Dungeon.
             The game lasted 00:03:28 (1325 turns).

Armakuni the Skirmisher (Human Wanderer)            Turns: 1325, Time: 00:03:29

Health: 0/29       AC:  6    Str: 16    XL:     3   Next: 55%
Magic:  4/4        EV: 17    Int: 11    God:
Gold:   4          SH:  0    Dex: 11    Spells: 4/4 levels left

rFire   + + .      SeeInvis .   (weapon currently unavailable)
rCold   + + .      Faith    .   (shield currently unavailable)
rNeg    + + +      Spirit   .   (body armour currently unavailable)
rPois   ∞          Reflect  .   (helmet currently unavailable)
rElec   +          Harm     .   (cloak currently unavailable)
rCorr   +          Rampage  .   (gloves currently unavailable)
Will    .....                   (boots currently unavailable)
Stlth   +.........              (amulet currently unavailable)
HPRegen 0.09/turn               (ring currently unavailable)
MPRegen 0.09/turn               (ring currently unavailable)

@: wisp-form (expiring), flying, slowed, very slow
A: insubstantial, flying, no casting, tiny
a: no special abilities


You were on level 2 of the Dungeon.
You were an insubstantial wisp.
You visited 1 branch of the dungeon, and saw 2 of its levels.

You collected 49 gold pieces.
You spent 45 gold pieces at shops.

Inventory:

Hand Weapons
 a - a +2 hand crossbow (melded)
 b - a +0 flail
Armour
 e - a +0 leather armour (melded)
 i - a +0 helmet (melded)
Potions
 d - 3 potions of haste
 h - a potion of ambrosia
 j - a potion of curing {unknown}
 k - a potion of might {unknown}


   Skills:
 + Level 3.1 Fighting
 - Level 3.0 Crossbows
 - Level 3.0 Throwing
 - Level 1.0 Spellcasting
 - Level 2.0 Air Magic


You had 4 spell levels left.
You didn't know any spells.
Your spell library contained the following spells:

 Spells                   Type           Power      Damage    Failure   Level
 Shock                    Conj/Air       8%         1d3       22%         1
 Swiftness                Air            5%         N/A       38%         3
 Blink                    Tloc           0%         N/A       43%         2
 Manifold Assault         Tloc           0%         N/A       100%        5
 Storm Form               Tmut/Air       1%         N/A       100%        7


Dungeon Overview and Level Annotations

Branches:
Dungeon (2/15)

Altars:

Shops:
D:1 *

Annotations:
D:2 Natasha


Message History

Your +0 helmet melds into your body.
Your +0 leather armour melds into your body.
Natasha closely misses you.
You barely miss Natasha. Natasha misses you.
You touch Natasha.
Natasha is lightly wounded.
Natasha misses you.
You barely miss Natasha.
Natasha is lightly wounded.
Natasha casts a spell at you.
You feel yourself slow down.
You closely miss Natasha. Natasha closely misses you. x2
You barely miss Natasha. Natasha claws you.
You closely miss Natasha. Natasha closely misses you.
You touch Natasha.
Natasha is moderately wounded.
Natasha wildly gestures.
Natasha glows brightly for a moment.
Natasha casts a spell.
Natasha stares at you and mumbles some strange words.
The magic dart hits you!
You touch Natasha.
Natasha is moderately wounded.
Your transformation is almost over.
Natasha closely misses you. The white imp misses you.
You touch Natasha but do no damage.
Natasha is moderately wounded.
Natasha completely misses you. The white imp gestures at you.
The puff of frost hits you. You resist.
Natasha stares at you and mumbles some strange words.
The magic dart hits you.
* * * LOW HITPOINT WARNING * * *
You barely miss Natasha.
Natasha is moderately wounded.
The white imp misses you. Natasha claws you.
* * * LOW HITPOINT WARNING * * *
The white imp gestures at you. The puff of frost hits you. You resist.
You die...

#.#.# # .. #...# ..#.#
##.....##..>#### ###..
#............†.# ##.#
#......##...##.# ..
#......+.....#.# #..
#......#####.#.### ..
#..........#†#)..#
#.......##.#.###.#
.....!hv....†#...###
......5..#.#.......#
.........#.#.#.###.###
# .#!##.####.#.#.#
#...#.# # #. ..#.#.#
###.#.# ## ####.#
#####...# ..#
#........ ## #.#######
#.#


You could see Natasha and a white imp (summoned).

Vanquished Creatures
  3 dart slugs
  6 bats
  2 endoplasms (D:1)
  A giant cockroach (D:2)
  A goblin (D:1)
  A hobgoblin (D:1)
  4 quokkas
  3 ball pythons
  4 frilled lizards
  3 kobolds (D:1)
28 creatures vanquished.

Notes
Turn   | Place    | Note
-------+----------+-------------------------------------------
     0 | D:1      | Armakuni the Human Wanderer began the quest for the Orb.
     0 | D:1      | Armakuni set off with the following items: a +2 hand
                  | crossbow, 14 poisoned darts, a +0 dagger, a potion of
                  | haste, a +0 leather armour; and the following spell
                  | memorised: Shock; and the following spells available to
                  | memorise: Swiftness
     0 | D:1      | Reached XP level 1. HP: 15/15 MP: 2/2
    28 | D:1      | Found Causchoit's General Store.
    34 | D:1      | Reached XP level 2. HP: 22/22 MP: 3/3
   628 | D:1      | Reached XP level 3. HP: 27/28 MP: 4/4
   646 | D:1      | Found a faded altar of an unknown god.
  1201 | D:1      | Bought a +0 flail for 45 gold pieces
  1311 | D:2      | Noticed Natasha
  1325 | D:2      | Killed from afar by a white imp

Illustrated notes

Levels and vault maps discovered:
D:1:      lightli_arrival_chessboard, layout_loops_ring, serial_shops,
          nicolae_shop_stone, hellmonk_ecumenical_altar_lost_god
D:2:      layout_basic, uniq_natasha

Skill      XL: |  1  2  3 |
---------------+----------+-----
Fighting       | 2 3 |  3.1
Crossbows      | |  3.0
Throwing       | |  3.0
Spellcasting   | |  1.0
Air Magic      | |  2.0

Action                   || total
-------------------------++-------
Melee: Unarmed           ||    10
 Fire: Hand crossbow     ||   101
Throw: Javelin           ||     1
  Use: Scroll            ||     5
Armor: Leather armour    ||    30
Dodge: Dodged            ||    60

Table legend: (Time is in decaauts)
 A = Elapsed time spent in this place.
 B = Non-inter-level travel time spent in this place.
 C = Inter-level travel time spent in this place.
 D = Time resting spent in this place.
 E = Time spent auto-exploring this place.
 F = Levels seen in this place.
 G = Mean time per level.
                   A        B        C        D        E       F      G
               +--------+--------+--------+--------+--------+-----+--------+
         Total |   1368 |   1250 |    118 |     24 |    928 |   2 |  684.0 |
       Dungeon |   1368 |   1250 |    118 |     24 |    928 |   2 |  684.0 |
               +--------+--------+--------+--------+--------+-----+--------+

Top non-repeatable levels by time:
     D:1: 1147 daAuts
     D:2: 221 daAuts
